 Dungeon Crawl Stone Soup version 0.29-a0-1023-g6ae1a4a2c7 (webtiles) character file.

Game seed: 7620978263092202753

1105 siradein the Trooper (level 8, 0/71 HPs)
             Began as a Hill Orc Fighter on Aug 12, 2022.
             Shot with an arrow by a centaur (9 damage)
             ... on level 5 of the Dungeon.
             The game lasted 00:11:25 (5019 turns).

siradein the Trooper (Hill Orc Fighter)             Turns: 5019, Time: 00:11:26

Health: 0/71       AC: 16    Str: 21    XL:     8   Next: 32%
Magic:  0/8        EV:  6    Int:  8    God:
Gold:   236        SH:  0    Dex: 16    Spells: 7/7 levels left

rFire   . . .      SeeInvis .   a - +0 war axe
rCold   . . .      Faith    .   c - +0 buckler
rNeg    . . .      Spirit   +   p - +0 plate armour
rPois   .          Reflect  .   (no helmet)
rElec   .          Harm     .   l - +2 cloak
rCorr   .          Rampage  .   (no gloves)
Will    .....                   (no boots)
Stlth   ..........              j - amulet of guardian spirit
HPRegen 0.21/turn               s - +6 ring of dexterity
MPRegen 0.11/turn               (no ring)

@: confused
A: no striking features
a: no special abilities


You were on level 5 of the Dungeon.
You visited 1 branch of the dungeon, and saw 5 of its levels.

You collected 236 gold pieces.

Inventory:

Hand Weapons
 a - a +0 war axe (weapon)
Missiles
 h - 68 stones (quivered)
Armour
 c - a +0 buckler (worn)
 l - a +2 cloak (worn)
 p - a +0 plate armour (worn)
Jewellery
 j - an amulet of guardian spirit (around neck)
 s - a +6 ring of dexterity (left hand)
Wands
 r - a wand of polymorph (7)
Scrolls
 f - a scroll of blinking {unknown}
 o - a scroll of magic mapping {unknown}
 q - 2 scrolls of poison {unknown}
 v - 2 scrolls of teleportation {unknown}
 w - 2 scrolls of noise {unknown}
 y - a scroll of enchant weapon {unknown}
 z - 2 scrolls of identify {unknown}
 B - a scroll of acquirement {unknown}
 C - a scroll of vulnerability {unknown}
Potions
 b - a potion of flight {unknown}
 d - 2 potions of might
 e - 2 potions of haste {unknown}
 g - 2 potions of invisibility {unknown}
 i - a potion of resistance {unknown}
 k - 3 potions of curing {unknown}
 m - 3 potions of heal wounds {unknown}
 n - a potion of mutation {unknown}
 t - a potion of lignification {unknown}
 u - a potion of berserk rage {unknown}
 x - a potion of brilliance {unknown}
 A - a potion of attraction {unknown}


   Skills:
 + Level 6.8 Fighting
 + Level 6.7 Axes
 + Level 6.2 Armour
 + Level 6.1 Shields


You had 7 spell levels left.
You didn't know any spells.
Your spell library contained the following spells:

 Spells                   Type           Power      Damage    Failure   Level
 Freeze                   Ice            0%         1d3       100%        1
 Magic Dart               Conj           0%         1d3       100%        1
 Searing Ray              Conj           0%         2d4       100%        2
 Frozen Ramparts          Ice            0%         1d1       100%        3
 Fulminant Prism          Conj/Hex       0%         3d6       100%        4
 Hailstorm                Conj/Ice       0%         3d3       100%        4
 Ice Form                 Ice/Tmut       0%         N/A       100%        4
 Summon Ice Beast         Ice/Summ       0%         N/A       100%        4


Dungeon Overview and Level Annotations

Branches:
Dungeon (5/15)
 Temple: D:4-7

Altars:
Ashenzari

Annotations:
D:5 Pikel


Message History

The centaur shoots an arrow.
The arrow hits you but does no damage. Something hits you but does no damage.
The orc wizard casts a spell at you.
You are more confused.
The orc wizard gestures wildly while chanting.
The orc wizard flickers and vanishes!
Something hits you but does no damage.
You closely miss something. You miss the orc wizard.
You closely miss something.
The centaur shoots an arrow.
The arrow hits you.
The centaur shoots an arrow.
The arrow hits you. Something hits you. x2
The orc wizard closely misses you.
The orc wizard hits you with a +0 dagger.
The centaur shoots an arrow.
The arrow hits you.
You're too confused to move!
Something hits you but does no damage. x2
The orc wizard hits you but does no damage.
You hear some strange, mumbled words.
A puff of flame appears from out of thin air!
The puff of flame hits you!
You slash the orc wizard!
You kill the orc wizard!
You closely miss something. You hit something.
Reactivating autopickup.
You feel a bit more experienced.
The centaur shoots an arrow.
The arrow hits you.
* * * LOW HITPOINT WARNING * * *
The centaur shoots an arrow.
The arrow barely misses you. Something hits you but does no damage.
Deactivating autopickup; reactivate with Ctrl-A.
Something hits you but does no damage.
The centaur shoots an arrow.
The arrow hits you but does no damage.
The centaur shoots an arrow.
The arrow hits you but does no damage.
The centaur shoots an arrow.
The arrow barely misses you.
The centaur shoots an arrow.
The arrow hits you!
* * * LOW HITPOINT WARNING * * *
Something hits you but does no damage.
The centaur shoots an arrow.
The arrow hits you!
* * * LOW HITPOINT WARNING * * *
Something hits you but does no damage. Something hits you but does no damage.
The centaur shoots an arrow.
The arrow hits you!
You die...

#........................
#........................
...............$..........
#..........................
##...........).............
..........................
............)...... .....
.........))....... .....
.......@...)...... .....
.................. .....
.......c.......... .....
.................. .....
.................. .....
.................. .....
..................
..........####.


You could see a centaur.

Vanquished Creatures
  Eustachio (D:4)
  2 black bears (D:5)
  A centaur (D:5)
  A lemure (D:5)
  A phantom (D:5)
  A bullfrog (D:5)
  A necrophage (D:5)
  2 scorpions (D:5)
  4 hounds (D:5)
  A jelly (D:5)
  2 iguanas (D:4)
  2 orc wizards (D:5)
  4 gnolls
  3 adders
  An ufetubus (D:5)
  2 dart slugs (D:4)
  3 orcs
  4 endoplasms
  2 giant cockroaches
  2 goblins
  7 hobgoblins
  11 jackals
  6 kobolds
  2 quokkas (D:2)
  7 ball pythons
  4 bats
  3 frilled lizards
  5 rats
85 creatures vanquished.

Notes
Turn   | Place    | Note
-------+----------+-------------------------------------------
     0 | D:1      | siradein the Hill Orc Fighter began the quest for the Orb.
     0 | D:1      | Reached XP level 1. HP: 19/19 MP: 1/1
   312 | D:1      | Reached XP level 2. HP: 19/27 MP: 2/2
   834 | D:1      | Reached XP level 3. HP: 33/33 MP: 3/3
  1273 | D:2      | Found a faded altar of an unknown god.
  1489 | D:3      | Reached XP level 4. HP: 39/40 MP: 4/4
  2523 | D:4      | Reached XP level 5. HP: 39/47 MP: 5/5
  2835 | D:4      | Noticed Eustachio
  2865 | D:4      | Killed Eustachio
  2866 | D:4      | Reached skill level 5 in Fighting
  2866 | D:4      | Reached XP level 6. HP: 8/56 MP: 1/6
  3860 | D:4      | Found a broken altar of Ashenzari.
  3906 | D:5      | Entered Level 5 of the Dungeon
  3970 | D:5      | Reached skill level 5 in Axes
  3970 | D:5      | Reached skill level 5 in Armour
  3970 | D:5      | Reached skill level 5 in Shields
  4011 | D:5      | Reached XP level 7. HP: 58/62 MP: 7/7
  4614 | D:5      | Reached XP level 8. HP: 67/71 MP: 6/8
  4658 | D:5      | Noticed Pikel
  5019 | D:5      | Shot with an arrow by a centaur

Illustrated notes

Levels and vault maps discovered:
D:1:      amcnicky_arrival_double_pillar, layout_loops_cross
D:2:      layout_rooms, hellmonk_ecumenical_altar_zigzags
D:3:      layout_basic
D:4:      layout_basic, general_overflow_altar, uniq_eustachio
D:5:      layout_layer_cave, uniq_pikel

Skill      XL: |  1  2  3  4  5  6  7  8 |
---------------+-------------------------+-----
Axes           | 3 4 5 6 |  6.7
Fighting       | 4 5 6 |  6.8
Armour         | 4 5 6 |  6.2
Shields        | 4 5 6 |  6.1

Action                   |  1- 3 |  4- 6 |  7- 9 || total
-------------------------+-------+-------+-------++-------
Melee: War axe           |   121 |   148 |    79 ||   348
Armor: Scale mail        |    37 |       |       ||    37
       Plate armour      |    34 |   140 |    83 ||   257
Dodge: Dodged            |    47 |    43 |    34 ||   124
Block: Buckler           |    26 |    36 |    21 ||    83

Table legend: (Time is in decaauts)
 A = Elapsed time spent in this place.
 B = Non-inter-level travel time spent in this place.
 C = Inter-level travel time spent in this place.
 D = Time resting spent in this place.
 E = Time spent auto-exploring this place.
 F = Levels seen in this place.
 G = Mean time per level.
                   A        B        C        D        E       F      G
               +--------+--------+--------+--------+--------+-----+--------+
         Total |   5132 |   4973 |    159 |      0 |   4176 |   5 | 1026.4 |
       Dungeon |   5132 |   4973 |    159 |      0 |   4176 |   5 | 1026.4 |
               +--------+--------+--------+--------+--------+-----+--------+

Top non-repeatable levels by time:
     D:4: 1465 daAuts
     D:5: 1093 daAuts
     D:1: 1064 daAuts
     D:3: 1044 daAuts
     D:2: 463 daAuts
